 Dungeon Crawl Stone Soup version 0.27-a0-223-ge082b6e869 (webtiles) character file.

Game seed: 14463926677970922392

94 snetch the Magician (level 4, -3/32 HPs)
             Began as a Gnoll Hedge Wizard on Feb 1, 2021.
             Slain by a gnoll
             ... wielding a +0 halberd
              (15 damage)
             ... on level 2 of the Dungeon.
             The game lasted 00:07:07 (2182 turns).

snetch the Magician (Gnoll Hedge Wizard)            Turns: 2182, Time: 00:07:08

Health: -3/32      AC:  8    Str:  9    XL:     4   Next: 63%
Magic:  2/13       EV: 11    Int: 15    God:
Gold:   50         SH:  0    Dex: 11    Spells: 12/17 levels left

rFire    . . .     SeeInvis .   a - +0 hand axe
rCold    . . .     Faith    .   (no shield)
rNeg     . . .     Spirit   .   h - +0 ring mail
rPois    .         Reflect  .   p - +2 helmet
rElec    .         Harm     .   (no cloak)
rCorr    .         Rampage  .   (no gloves)
Will     .....                  (no boots)
Stlth    ++........             (no amulet)
HPRegen  0.10/turn              (no ring)
MPRegen  0.13/turn              (no ring)

@: very slightly contaminated
A: distributed training, fangs 1, strong nose
a: no special abilities


You were on level 2 of the Dungeon.
You visited 1 branch of the dungeon, and saw 3 of its levels.

You collected 50 gold pieces.

Inventory:

Hand Weapons
 a - a +0 hand axe (weapon)
 b - a +0 hunting sling of flaming
Missiles
 e - 76 stones
 j - 45 sling bullets
 m - 42 arrows
 n - 20 bolts
 q - 29 poisoned darts
Armour
 h - a +0 ring mail (worn)
 p - a +2 helmet (worn)
Scrolls
 f - a scroll of identify {unknown}
 i - a scroll of remove curse {unknown}
 k - 2 scrolls of amnesia {unknown}
 l - a scroll of magic mapping {unknown}
Potions
 c - a potion of heal wounds {unknown}
 d - a potion of curing {unknown}
 g - a potion of attraction {unknown}
 o - a potion of ambrosia {unknown}


   Skills:
 + Level 1.2 Fighting
 + Level 1.2 Short Blades
 + Level 1.2 Long Blades
 + Level 1.2 Axes
 + Level 1.2 Maces & Flails
 + Level 1.2 Polearms
 + Level 1.2 Staves
 + Level 1.2 Slings
 + Level 1.2 Bows
 + Level 1.2 Crossbows
 + Level 1.2 Throwing
 + Level 1.2 Armour
 + Level 4.6 Dodging
 + Level 4.3 Stealth
 + Level 1.2 Shields
 + Level 1.2 Unarmed Combat
 + Level 7.2 Spellcasting
 + Level 2.2 Conjurations
 + Level 1.0 Hexes
 + Level 2.2 Summonings
 + Level 1.0 Necromancy
 + Level 2.2 Translocations
 + Level 1.0 Transmutations
 + Level 1.0 Fire Magic
 + Level 1.0 Ice Magic
 + Level 1.0 Air Magic
 + Level 1.0 Earth Magic
 + Level 1.0 Poison Magic
 + Level 1.3 Invocations
 + Level 1.2 Evocations


You had 12 spell levels left.
You knew the following spells:

 Your Spells              Type           Power        Failure   Level
a - Magic Dart            Conj           48%          14%         1
b - Blink                 Tloc           N/A          22%         2
c - Call Imp              Summ           12%          22%         2

Your spell library contained the following spells:

 Spells                   Type           Power        Failure   Level
 Slow                     Hex            8%           36%         2
 Conjure Flame            Conj/Fire      10%          50%         3
 Mephitic Cloud           Conj/Pois/Air  9%           52%         3


Dungeon Overview and Level Annotations

Branches:
Dungeon (3/15)

Altars:


Innate Abilities, Weirdness & Mutations

Your experience applies equally to all skills.
You have very sharp teeth.
Your uncanny sense of smell can sniff out nearby items.


Message History

The kobold hits your crimson imp with a +0 club.
The gnoll closely misses you.
The gnoll hits you with a cursed -1 club.
Your crimson imp hits the gnoll.
Casting: Call Imp (safe; 22% risk of failure)
Confirm with . or Enter, or press ? or * to list all spells.
You miscast Call Imp.
You are very lightly contaminated with residual magic.
Nothing appears to happen.
The gnoll hits you from afar with a +0 spear.
The kobold hits your crimson imp but does no damage.
The gnoll hits you from afar with a +0 halberd.
Your crimson imp hits the gnoll.
The gnoll hits you but does no damage.
You closely miss the gnoll. Your bite misses the gnoll.
The gnoll is moderately wounded.
The gnoll hits you from afar with a +0 spear.
The kobold hits your crimson imp with a +0 club.
Your crimson imp barely misses the gnoll.
The gnoll hits you from afar with a +0 halberd!
You die...

... #.# ..... #.#
.....##### #.#
........# #.#
#......# #.# #..K...#
#.#
#..g5.g############.#
+....g)'............#
#...5@.##############
#..$...# #......#
#......# #......#
#......# ########


You could see 3 gnolls, a kobold and 2 friendly crimson imps.

Vanquished Creatures
  A gnoll (D:2)
  An adder (D:2)
  An ooze (D:1)
  A dart slug (D:1)
  7 bats
  2 giant cockroaches (D:1)
  8 hobgoblins
  2 jackals (D:1)
  3 frilled lizards (D:1)
  6 goblins
  4 kobolds
  7 rats (D:1)
43 creatures vanquished.

Vanquished Creatures (collateral kills)
  Robin (D:2)
  A gnoll (D:1)
  A worm (D:2)
  3 hobgoblins (D:2)
  2 jackals (D:1)
  5 goblins
13 creatures vanquished.

Grand Total: 56 creatures vanquished

Notes
Turn   | Place    | Note
-------+----------+-------------------------------------------
     0 | D:1      | snetch the Gnoll Hedge Wizard began the quest for the Orb.
     0 | D:1      | Reached XP level 1. HP: 13/13 MP: 8/8
   139 | D:1      | Reached XP level 2. HP: 18/19 MP: 2/10
   154 | D:1      | Learned a level 2 spell: Blink
   157 | D:1      | Learned a level 2 spell: Call Imp
   495 | D:1      | Reached XP level 3. HP: 24/25 MP: 1/11
   949 | D:1      | Reached skill level 1 in Invocations
  1344 | D:1      | Reached skill level 1 in Fighting
  1344 | D:1      | Reached skill level 1 in Short Blades
  1344 | D:1      | Reached skill level 1 in Long Blades
  1344 | D:1      | Reached skill level 1 in Axes
  1344 | D:1      | Reached skill level 1 in Maces & Flails
  1344 | D:1      | Reached skill level 1 in Polearms
  1344 | D:1      | Reached skill level 1 in Staves
  1344 | D:1      | Reached skill level 1 in Slings
  1344 | D:1      | Reached skill level 1 in Bows
  1344 | D:1      | Reached skill level 1 in Crossbows
  1344 | D:1      | Reached skill level 1 in Throwing
  1344 | D:1      | Reached skill level 1 in Armour
  1344 | D:1      | Reached skill level 1 in Shields
  1344 | D:1      | Reached skill level 1 in Unarmed Combat
  1344 | D:1      | Reached skill level 1 in Evocations
  1538 | D:2      | Noticed Robin
  1550 | D:2      | Killed Robin
  1551 | D:2      | Reached XP level 4. HP: 23/32 MP: 5/13
  2176 | D:2      | Reached skill level 1 in Hexes
  2176 | D:2      | Reached skill level 1 in Necromancy
  2176 | D:2      | Reached skill level 1 in Transmutations
  2176 | D:2      | Reached skill level 1 in Fire Magic
  2176 | D:2      | Reached skill level 1 in Ice Magic
  2176 | D:2      | Reached skill level 1 in Air Magic
  2176 | D:2      | Reached skill level 1 in Earth Magic
  2176 | D:2      | Reached skill level 1 in Poison Magic
  2182 | D:2      | Slain by a gnoll

Illustrated notes

Levels and vault maps discovered:
D:1:      mainiacjoe_arrival_reflecting_pool, layout_loops_cross,
          amcnicky_mini_corridor_feature
D:2:      layout_basic, uniq_robin
D:3:      layout_basic, kennysheep_generic_room_5, uniq_terence

Skill      XL: |  1  2  3  4 |
---------------+-------------+-----
Conjurations   | 2 |  2.2
Summonings     | 2 |  2.2
Translocations | 2 |  2.2
Invocations    | 1 |  1.3
Fighting       | 1 |  1.2
Short Blades   | 1 |  1.2
Long Blades    | 1 |  1.2
Axes           | 1 |  1.2
Maces & Flails | 1 |  1.2
Polearms       | 1 |  1.2
Staves         | 1 |  1.2
Slings         | 1 |  1.2
Bows           | 1 |  1.2
Crossbows      | 1 |  1.2
Throwing       | 1 |  1.2
Armour         | 1 |  1.2
Shields        | 1 |  1.2
Unarmed Combat | 1 |  1.2
Evocations     | 1 |  1.2
Hexes          | 1 |  1.0
Necromancy     | 1 |  1.0
Transmutations | 1 |  1.0
Fire Magic     | 1 |  1.0
Ice Magic      | 1 |  1.0
Air Magic      | 1 |  1.0
Earth Magic    | 1 |  1.0
Poison Magic   | 1 |  1.0
Dodging        | |  4.6
Stealth        | |  4.3
Spellcasting   | |  7.2

Action                   |  1- 3 |  4- 6 || total
-------------------------+-------+-------++-------
Melee: Dagger            |    39 |       ||    39
       Bite              |     3 |       ||     3
       Hand axe          |     4 |    11 ||    15
 Fire: Hunting sling     |     2 |       ||     2
 Cast: Magic Dart        |    76 |    21 ||    97
       Call Imp          |     5 |     2 ||     7
 Stab: Sleeping          |     1 |     1 ||     2
Armor: Robe              |     1 |       ||     1
       Leather armour    |    14 |       ||    14
       Ring mail         |       |     3 ||     3
Dodge: Dodged            |    55 |     4 ||    59

Table legend: (Time is in decaauts)
 A = Elapsed time spent in this place.
 B = Non-inter-level travel time spent in this place.
 C = Inter-level travel time spent in this place.
 D = Time resting spent in this place.
 E = Time spent auto-exploring this place.
 F = Levels seen in this place.
 G = Mean time per level.
                   A        B        C        D        E       F      G
               +--------+--------+--------+--------+--------+-----+--------+
         Total |   2181 |   2151 |     30 |    155 |   1517 |   3 |  727.0 |
       Dungeon |   2181 |   2151 |     30 |    155 |   1517 |   3 |  727.0 |
               +--------+--------+--------+--------+--------+-----+--------+

Top non-repeatable levels by time:
     D:1: 1464 daAuts
     D:2: 712 daAuts
     D:3: 4 daAuts
